 Dungeon Crawl Stone Soup version 0.24-a0-423-g6870c0f642 (webtiles) character file.

Game seed: 9517156398380904603

261 Gargoyl the Skirmisher (level 5, -3/46 HPs)
             Began as a Centaur Abyssal Knight on June 13, 2019.
             Was a Believer of Lugonu.
             Slain by an ogre
             ... wielding a +0 giant spiked club
              (23 damage)
             ... on level 4 of the Dungeon.
             The game lasted 00:03:54 (2631 turns).

Gargoyl the Skirmisher (Centaur Abyssal Knight)     Turns: 2631, Time: 00:03:54

Health: -3/46      AC: 11    Str: 14    XL:     5   Next: 96%
Magic:  7/7        EV:  2    Int: 11    God:    Lugonu [**....]
Gold:   179        SH:  0    Dex: 10    Spells: 4/4 levels left

rFire    . . .     SeeInvis +   d - +4 short sword (drain)
rCold    . . .     Gourm    +   (no shield)
rNeg     . . .     Faith    .   x - +0 plate armour
rPois    .         Spirit   .   u - +0 helmet
rElec    .         Reflect  .   (no cloak)
rCorr    .         Harm     .   j - +0 pair of gloves
MR       .....                  (no barding)
Stlth    ..........             l - amulet of the gourmand
HPRegen  0.15/turn              f - ring of see invisible
MPRegen  0.10/turn              (no ring)

@: very quick
A: large, hooves 3, deformed body, speed 2, tough skin 3
a: Depart the Abyss, Bend Space, Renounce Religion


You were on level 4 of the Dungeon.
You worshipped Lugonu.
Lugonu was pleased with you.
You were full.

You visited 1 branch of the dungeon, and saw 4 of its levels.
You visited the Abyss 1 time.

You collected 179 gold pieces.

Inventory:

Hand Weapons
 a - a +1 hand axe
 d - a +4 short sword of draining (weapon)
Armour
 j - a +0 pair of gloves (worn)
 u - a +0 helmet (worn)
 x - a +0 plate armour (worn)
Jewellery
 f - a ring of see invisible (left hand)
 l - an amulet of the gourmand (around neck)
Wands
 o - a wand of flame (5)
 t - a wand of random effects (26)
Scrolls
 i - 4 scrolls of identify
 p - 2 scrolls of remove curse
 s - a scroll of teleportation
Potions
 b - a potion of berserk rage {unknown}
 e - a potion of heal wounds {unknown}
 g - 2 potions of flight {unknown}
 h - a potion of resistance {unknown}
 k - 2 potions of brilliance {unknown}
 m - a potion of ambrosia {unknown}
 n - a potion of degeneration {unknown}
 q - a potion of invisibility {unknown}
 r - 2 potions of lignification {unknown}
 w - a potion of curing {unknown}
Comestibles
 c - 6 rations
 v - a chunk of flesh


   Skills:
 + Level 4.1 Fighting
 + Level 1.5 Short Blades
 + Level 2.1 Axes
 * Level 2.7 Armour
 * Level 1.8 Dodging
 * Level 3.1 Invocations


You had 4 spell levels left.
You didn't know any spells.
Your spell library was empty.

Dungeon Overview and Level Annotations

Branches:
Dungeon (4/15)
 Temple: D:4-7

Altars:
Elyvilon
Kikubaaqudgha
Nemelex Xobeh
Ru
The Shining One


Innate Abilities, Weirdness & Mutations

You have hooves in place of feet.
Armour fits poorly on your strangely shaped body.
You cover ground very quickly.
You have extremely tough skin. (AC +3)


Message History

An ogre comes into view. It is wielding a +0 giant spiked club.
Things that are here:
a +3 dagger of holy wrath; a +0 leather armour; the goblin corpse of Ijyb You butcher the goblin corpse of Ijyb.
v - a chunk of flesh
Things that are here:
a +3 dagger of holy wrath; a +0 leather armour; the goblin skeleton of Ijyb You hit the ogre.
The ogre is lightly wounded.
The ogre hits you with a +0 giant spiked club!!
You hit the ogre. You kick the ogre.
The ogre is moderately wounded.
You hit the ogre. You kick the ogre, but do no damage.
The ogre is moderately wounded.
The ogre hits you with a +0 giant spiked club.
You puncture the ogre!
The ogre is severely wounded.
The ogre hits you with a +0 giant spiked club!!
Ouch! That really hurt!
You die...

#.....# #.# #.....#
######.###
.....###........# #
.....##.#.##...# #.
#.##.##.#......# # #.
##.##.##.#..##..#
#.##..#........#......##
......#)##..#...........
#......@O...#.##......##
#####.....%.#.#.......##
#.#.................
#.#....##.#.......##
#.#.......##........ #
.....#####......##
#...## ###....## #...#
#..#.## #%..# ###..#...


You could see an ogre.

Vanquished Creatures
  A hound (D:4)
  A bullfrog skeleton (D:2)
  Jessica (D:3)
  A worker ant (D:4)
  Ijyb (D:4)
  Robin (D:3)
  3 gnolls (D:3)
  4 oozes
  An adder skeleton (D:4)
  3 dart slugs
  A leopard gecko (D:1)
  14 goblins
  9 hobgoblins
  4 jackals (D:2)
  3 kobolds
  3 quokkas
  A ball python (D:1)
  4 bats
  3 frilled lizards
  3 rats
62 creatures vanquished.

Notes
Turn   | Place    | Note
-------+----------+-------------------------------------------
     0 | Abyss:1  | Gargoyl the Centaur Abyssal Knight began the quest for the
                  | Orb.
     0 | Abyss:1  | Reached XP level 1. HP: 19/19 MP: 2/2
    26 | Abyss:1  | Noticed a wretched star
    27 | D:1      | Escaped the Abyss
   114 | D:1      | Reached * piety under Lugonu
   210 | D:1      | Reached XP level 2. HP: 20/26 MP: 3/3
   470 | D:1      | You fall into a shaft and drop 1 floor!
  1008 | D:2      | Reached skill level 1 in Dodging
  1008 | D:2      | Reached XP level 3. HP: 33/33 MP: 4/4
  1502 | D:3      | Found an ancient bone altar of Kikubaaqudgha.
  1505 | D:3      | Found a glowing golden altar of the Shining One.
  1508 | D:3      | Found a sacrificial altar of Ru.
  1548 | D:3      | Reached XP level 4. HP: 40/40 MP: 5/5
  1579 | D:3      | Found a sparkling altar of Nemelex Xobeh.
  1585 | D:3      | Reached skill level 4 in Fighting
  1761 | D:3      | Found a white marble altar of Elyvilon.
  1761 | D:3      | Noticed Robin
  1774 | D:3      | Reached skill level 1 in Short Blades
  1783 | D:3      | Reached ** piety under Lugonu
  1790 | D:3      | Killed Robin
  2026 | D:3      | Noticed Jessica
  2045 | D:3      | Killed Jessica
  2045 | D:3      | Reached XP level 5. HP: 36/46 MP: 7/7
  2532 | D:4      | Noticed a phantom
  2602 | D:4      | Noticed Ijyb
  2616 | D:4      | Killed Ijyb
  2620 | D:4      | Noticed an ogre
  2631 | D:4      | Slain by an ogre

Levels and vault maps discovered:
D:1:      dpeg_arrival_shrine, layout_loops_ring, minmay_tetromino_o2
D:2:      layout_rooms
D:3:      wander_river, layout_rooms, nemelex_xobeh_ov_fountains_minmay,
          grunt_temple_overflow_diamond, elyvilon_altar_3, uniq_jessica,
          uniq_robin
D:4:      layout_loops_cross, grunt_gozag_breadcrumbs, uniq_ijyb,
          uniq_blork_the_orc

Skill      XL: |  1  2  3  4  5 |
---------------+----------------+-----
Axes           | 2 |  2.1
Dodging        | 1 |  1.8
Fighting       | 4 |  4.1
Armour         | 2 |  2.7
Short Blades   | 1 |  1.5
Invocations    | 3 |  3.1

Action                   |  1- 3 |  4- 6 || total
-------------------------+-------+-------++-------
Melee: Short sword       |    67 |    98 ||   165
       Kick              |    12 |    25 ||    37
Invok: Depart the Abyss  |     1 |       ||     1
  Use: Scroll            |     4 |     1 ||     5
  Eat: Chunk             |       |     8 ||     8
Armor: Ring mail         |    36 |    25 ||    61
       Plate armour      |       |    37 ||    37
Dodge: Dodged            |    46 |    37 ||    83

Table legend:
 A = Non-vault XP
 B = Vault XP
 C = Vault XP percentage of total XP
 D = Non-vault monster count
 E = Vault monster count
 F = Vault count percentage of total count
                 A         B        C        D         E       F
            +---------+---------+-------+---------+---------+-------
      Total |     259 |     114 |  30.6 |      45 |      17 |  27.4
            +---------+---------+-------+---------+---------+-------
        D:1 |      21 |       3 |  12.5 |       9 |       2 |  18.2
        D:2 |      71 |       0 |   0.0 |      12 |       0 |   0.0
        D:3 |      66 |      75 |  53.2 |      17 |      14 |  45.2
        D:4 |     101 |      36 |  26.3 |       7 |       1 |  12.5
            +---------+---------+-------+---------+---------+-------
